 Dungeon Crawl Stone Soup version 0.31-a0-343-g456c268693 (webtiles) character file.

Game seed: 13683018759959345971

2659 MrRokkomies the Insei (level 9, -1/69 HPs)
             Began as a Demonspawn Monk on July 21, 2023.
             Was a Priest of Makhleb.
             Slain by Gastronok (8 damage)
             ... on level 8 of the Dungeon.
             The game lasted 00:16:46 (6441 turns).

MrRokkomies the Insei (Demonspawn Monk)             Turns: 6441, Time: 00:16:46

Health: -1/69      AC:  3    Str: 17    XL:     9   Next: 36%
Magic:  9/9        EV: 14    Int: 17    God:    Makhleb [***...]
Gold:   457        SH:  0    Dex: 15    Spells: 8/8 levels left

rFire   . .          .
                       - Unarmed
rCold   . . .        (no shield)
rNeg    . . .        a - +0 robe
rPois   .            (helmet currently unavailable)
rElec   .            (cloak currently unavailable)
rCorr   .            (gloves currently unavailable)
SInv    .            (boots currently unavailable)
Will    .....        (no amulet) Stlth
                     A - +6 ring of strength
HPRegen 0.31/turn    q - +4 ring of slaying
MPRegen 0.11/turn

%: no passive effects
@: beast-form, silenced
A: beast (slay +3), horns 1, powered by death 1, spiny 1, sharp scales 1
a: Begin Untransformation, Renounce Religion


You were on level 8 of the Dungeon.
You worshipped Makhleb.
Makhleb was most pleased with you.
You were a hulking beast.
You visited 2 branches of the dungeon, and saw 9 of its levels.
You also visited: Sewer.

You collected 457 gold pieces.

Inventory:

Missiles
 f - 3 poisoned darts (quivered)
Armour
 a - a +0 robe (worn)
 c - an orb of light
 i - a +0 cloak
Magical Staves
 p - a staff of death
Jewellery
 k - a +6 ring of intelligence
 q - a +4 ring of slaying (right hand)
 A - a +6 ring of strength (left hand)
Talismans
 g - a beast talisman
 w - a blade talisman
Wands
 m - a wand of mindburst (9)
 u - a wand of digging (3)
Scrolls
 e - 3 scrolls of identify
 j - 3 scrolls of immolation
 l - 2 scrolls of fog
 s - 2 scrolls of enchant weapon
Potions
 b - a potion of ambrosia
 d - 5 potions of attraction
 h - 5 potions of curing
 n - 2 potions of heal wounds
 o - 2 potions of cancellation
 r - 2 potions of enlightenment
 v - 2 potions of lignification
 x - a potion of might {unknown}
 z - a potion of resistance
Miscellaneous
 t - a sack of spiders


   Skills:
 + Level 6.1 Fighting
 + Level 5.4 Dodging
 * Level 7.4 Unarmed Combat
 * Level 5.4 Shapeshifting


You had 8 spell levels left.
You didn't know any spells.
Your spell library contained the following spells:

 Spells                   Type           Power      Damage    Failure   Level
 Apportation              Tloc           0%         N/A       24%         1
 Necrotise                Necr           0%         1d4       24%         1
 Summon Small Mammal      Summ           0%         N/A       24%         1
 Poisonous Vapours        Pois/Air       0%         N/A       34%         2
 Mephitic Cloud           Conj/Pois/Air  0%         N/A       56%         3
 Vampiric Draining        Necr           0%         2d6       56%         3
 Animate Dead             Necr           0%         N/A       93%         4
 Agony                    Necr           0%         N/A       100%        5
 Borgnjor's Vile Clutch   Necr/Erth      0%         N/A       100%        5
 Freezing Cloud           Conj/Ice/Air   0%         6-21      100%        5
 Death Channel            Necr           0%         N/A       100%        6


Dungeon Overview and Level Annotations

Branches:
Dungeon (8/15)             Temple (1/1) D:4           Sewer (visited)
   Lair: D:8-11

Altars:
Ashenzari
Cheibriados
Dithmenos
Fedhas
Hepliaklqana
Makhleb
Nemelex Xobeh
Okawaru
Qazlal
Ru
Sif Muna
Trog
Uskayaw
Vehumet
Wu Jian
Xom
Yredelemnul

Annotations:
D:3 3 runed translucent doors, Kiciri's ghost, amateur DsGl; Voker57's ghost, amateur DsMo; polpettosauro's ghost, weakling DsSh; whodunnit's ghost, amateur DsSh
D:6 2 transporters
D:8 Gastronok


Innate Abilities, Weirdness & Mutations

You are a hulking beast.
Your limbs bulge with bestial killing power. (Slay +3)
You have a pair of small horns on your head.
You regenerate a little health from kills.
You are partially covered in sharp spines.
You are partially covered in razor-sharp scales. (AC +1, Slay +1)


Message History

You climb upwards.
There is a stone staircase leading down here.
You start resting.
HP restored.
You climb downwards.
Level annotation: Gastronok
There is a stone staircase leading up here.
Okay, then.
Unknown command.
Okay, then.
Gastronok waves his eye-stalks in wide circles.
The air twists around and strikes you!!
You start resting.
Gastronok is nearby!
As you read the scroll of silence, it crumbles to dust.
A profound silence engulfs you.
Throw: 4 darts (poison)
Press: ? - help, Q - select action, (/) - cycle Shift-Dir - straight line, f - Gastronok
Aim: Gastronok, wearing a +2 hat (silenced, 94% to hit)
You throw a poisoned dart. The poisoned dart hits Gastronok.
You punch Gastronok!
Gastronok is lightly wounded.
You punch Gastronok! You headbutt Gastronok.
Gastronok is lightly wounded.
You hit Gastronok.
Gastronok is lightly wounded.
Gastronok is struck by your spines. Gastronok bites you!!
* * * LOW HITPOINT WARNING * * *
You barely miss Gastronok. You headbutt Gastronok. You punch Gastronok.
Gastronok is moderately wounded.
You punch Gastronok!
Gastronok is moderately wounded.
Gastronok bites you!
* * * LOW HITPOINT WARNING * * *
You punch Gastronok! You headbutt Gastronok!
Gastronok is heavily wounded.
You punch Gastronok! You headbutt Gastronok.
Gastronok is heavily wounded.
Gastronok is struck by your spines. Gastronok bites you!
You die...

....... .#.#l#.
##### ....w..
<..# .#.#.#.
#..# ..w.. #..#
... #h<#
#w######w####.#
#.w....(......#
########.######
.... #.....#
.#....#
#......#
#.######


You could see Gastronok.

Vanquished Creatures
  Prince Ribbit (D:6)
  Grinder (D:5)
  A wyvern (D:8)
  A steam dragon (D:7)
  2 water moccasins
  An orc warrior (D:6)
  2 sky beasts
  Pargi (Sewer)
  4 black bears
  A phantom (D:5)
  A bullfrog (D:7)
  4 scorpions
  3 wights (D:7)
  2 jellies (D:5)
  A gnoll bouda (D:5)
  A sleepcap (D:7)
  5 iguanas
  3 orc wizards (D:6)
  10 gnolls
  3 adders
  A shadow imp (D:6)
  A white imp (D:5)
  2 ufetubi
  3 worms
  2 dart slugs (D:1)
  4 orcs
  7 ball pythons
  5 endoplasms
  5 giant cockroaches
  6 goblins
  3 hobgoblins
  3 jackals
  4 quokkas
  5 bats
  3 frilled lizards
  7 kobolds
  8 rats
117 creatures vanquished.

Notes
Turn   | Place    | Note
-------+----------+-------------------------------------------
     0 | D:1      | MrRokkomies the Demonspawn Monk began the quest for the
                  | Orb.
     0 | D:1      | Reached XP level 1. HP: 18/18 MP: 1/1
   147 | D:1      | Gained mutation: You are partially covered in razor-sharp
                  | scales. (AC +1, Slay +1) [demonic ancestry]
   147 | D:1      | Reached XP level 2. HP: 23/24 MP: 2/2
   218 | D:1      | Reached skill level 3 in Unarmed Combat
   491 | D:1      | Reached XP level 3. HP: 22/29 MP: 3/3
  1511 | D:3      | Found a runed translucent gate.
  1511 | D:3      | Found a runed translucent gate.
  1511 | D:3      | Found a runed translucent gate.
  1512 | D:3      | Noticed whodunnit's ghost (amateur DsSh)
  1512 | D:3      | Noticed Voker57's ghost (amateur DsMo)
  1512 | D:3      | Noticed polpettosauro's ghost (weakling DsSh)
  1513 | D:3      | Noticed Kiciri's ghost (amateur DsGl)
  1975 | D:3      | Found a faded altar of an unknown god.
  2220 | D:4      | Noticed a black bear
  2229 | D:4      | Killed a black bear
  2230 | D:4      | Reached skill level 1 in Shapeshifting
  2230 | D:4      | Gained mutation: You have a pair of small horns on your
                  | head. [demonic ancestry]
  2230 | D:4      | Reached XP level 4. HP: 19/37 MP: 4/4
  2230 | D:4      | Gained mutation: You regenerate a little health from kills.
                  | [demonic ancestry]
  2230 | D:4      | Reached XP level 5. HP: 22/42 MP: 5/5
  2390 | D:4      | Found a broken altar of Ashenzari.
  2394 | D:4      | Saw a vision of the Swamp and the Snake Pit.
  2394 | D:4      | Noticed a goliath frog
  2394 | D:4      | Noticed a vampire mosquito
  2394 | D:4      | Noticed a tyrant leech
  2394 | D:4      | Noticed an eight-headed hydra
  2394 | D:4      | Noticed a naga mage
  2394 | D:4      | Noticed a naga warrior
  2394 | D:4      | Noticed a mana viper
  2394 | D:4      | Noticed an anaconda
  2394 | D:4      | Noticed a shambling mangrove
  2394 | D:4      | Noticed a black mamba
  2394 | D:4      | Noticed a swamp drake
  2395 | D:4      | Noticed a swamp dragon
  2397 | D:4      | Noticed a naga mage
  2443 | D:4      | Reached skill level 4 in Unarmed Combat
  2642 | D:4      | Reached XP level 6. HP: 48/48 MP: 6/6
  2724 | D:4      | Found a staircase to the Ecumenical Temple.
  2733 | Temple   | Entered the Ecumenical Temple
  2748 | Temple   | Became a worshipper of Makhleb the Destroyer
  2748 | Temple   | Reached * piety under Makhleb
  2748 | Temple   | Reached ** piety under Makhleb
  2831 | D:4      | Identified the +2 hand axe "Sexkebeh" {pain, Contam rF+ rC+
                  | rN+}
  3143 | D:5      | Entered Level 5 of the Dungeon
  3278 | D:5      | Noticed Grinder
  3280 | D:5      | Killed Grinder
  3281 | D:5      | Reached XP level 7. HP: 55/55 MP: 7/7
  3290 | D:5      | Reached skill level 5 in Unarmed Combat
  3743 | D:5      | Gained mutation: You are partially covered in sharp spines.
                  | [demonic ancestry]
  3743 | D:5      | Reached XP level 8. HP: 30/61 MP: 8/8
  4100 | D:6      | Reached skill level 5 in Fighting
  4144 | D:6      | Found an ornate altar of the Wu Jian Council.
  4148 | D:6      | Found a glowing drain.
  4159 | Sewer    | Entered a sewer
  4216 | Sewer    | Noticed Pargi
  4223 | Sewer    | Killed Pargi
  4386 | D:6      | Reached skill level 6 in Unarmed Combat
  4452 | D:6      | Found a transporter.
  5003 | D:6      | Noticed Prince Ribbit
  5014 | D:6      | Killed Prince Ribbit
  5014 | D:6      | Reached *** piety under Makhleb
  5015 | D:6      | Reached skill level 5 in Dodging
  5152 | D:6      | Found a transporter.
  5248 | D:7      | Reached XP level 9. HP: 69/69 MP: 9/9
  5508 | D:7      | Reached skill level 7 in Unarmed Combat
  5525 | D:7      | Reached skill level 5 in Shapeshifting
  6285 | D:8      | Noticed Gastronok
  6441 | D:8      | Slain by Gastronok

Illustrated notes

Levels and vault maps discovered:
D:1:      dpeg_arrival_long_road, layout_loops_ring, minmay_tall_x
D:2:      layout_loops_corners
D:3:      layout_loops_ring, gammafunk_ghost_cemetery,
          hellmonk_ecumenical_altar_zigzags
D:4:      layout_basic, grunt_ashenzari_visionary
          [grunt_ashenzari_visionary_swamp, grunt_ashenzari_visionary_snake],
          minmay_temple_entry_antechambers
D:5:      layout_rooms, uniq_grinder
D:6:      gammafunk_cloud_chamber, layout_basic, nicolae_overflow_crystal_walls,
          cheibrodos_sewer_entry_bend, uniq_prince_ribbit1
D:7:      layout_basic
D:8:      layout_basic, serial_glass, glass_columns_b, glass_columns_a,
          serial_shops, nicolae_shop_hallway_stairs, minmay_misc_feat_square,
          kennysheep_kite_vault, uniq_gastronok
Temple:   regret_index_temple_chain_breaker

Skill      XL: |  1  2  3  4  5  6  7  8  9 |
---------------+----------------------------+-----
Unarmed Combat | 3 4 5 6 7 |  7.4
Dodging        | 3 4 5 |  5.4
Shapeshifting  | 1 2 3 4 5 |  5.4
Fighting       | 4 5 6 |  6.1

Action                     |  1- 3 |  4- 6 |  7- 9 || total
---------------------------+-------+-------+-------++-------
  Melee: Unarmed           |   134 |    67 |   131 ||   332
         Headbutt          |       |    17 |    41 ||    58
         Punch             |       |       |     3 ||     3
  Throw: Dart              |     3 |     2 |     9 ||    14
  Evoke: Wand              |       |     2 |     3 ||     5
    Use: Scroll            |       |     8 |    10 ||    18
         Potion            |       |       |     1 ||     1
   Stab: Sleeping          |     1 |       |     1 ||     2
 Armour: Robe              |    22 |     9 |    18 ||    49
  Dodge: Dodged            |    89 |    34 |    87 ||   210
   Form: Beast             |     1 |       |       ||     1

Table legend: (Time is in decaauts)
 A = Elapsed time spent in this place.
 B = Non-inter-level travel time spent in this place.
 C = Inter-level travel time spent in this place.
 D = Time resting spent in this place.
 E = Time spent auto-exploring this place.
 F = Levels seen in this place.
 G = Mean time per level.
                   A        B        C        D        E       F      G
               +--------+--------+--------+--------+--------+-----+--------+
         Total |   6429 |   6189 |    240 |    349 |   4944 |  10 |  642.9 |
       Dungeon |   6264 |   6053 |    211 |    349 |   4858 |   8 |  783.0 |
        Temple |     30 |      1 |     29 |      0 |      0 |   1 |   30.0 |
         Sewer |    134 |    134 |      0 |      0 |     85 |   1 |  134.0 |
               +--------+--------+--------+--------+--------+-----+--------+

Top non-repeatable levels by time:
     D:7: 1163 daAuts
     D:6: 1036 daAuts
     D:4: 935 daAuts
     D:5: 873 daAuts
     D:2: 755 daAuts
     D:1: 750 daAuts
     D:3: 706 daAuts
   Sewer: 134 daAuts
     D:8: 43 daAuts
  Temple: 30 daAuts
